 Dungeon Sprint DCSS version 0.31-a0-117-g42d8f58691 (webtiles) character file.

Game seed: 575227456716734603

1339 rocky1 the Cleaver (level 8, -3/74 HPs)
             Began as a Minotaur Gladiator on May 30, 2023.
             Was a Priest of Okawaru.
             Slain by a sea snake (4 damage)
             ... in the Dungeon (Sprint VII: "The Pits").
             The game lasted 00:03:43 (1305 turns).

rocky1 the Cleaver (Minotaur Gladiator)             Turns: 1305, Time: 00:03:44

Health: -3/74      AC: 17    Str: 20    XL:     8   Next: 35%
Magic:  11/13      EV: 13    Int:  5    God:    Okawaru [***...]
Gold:   0          SH:  0    Dex: 19    Spells: 7/7 levels left

rFire   . . .        x - +2 war axe (heavy)
rCold   . . .        (no shield)
rNeg    . . .        u - +3 plate armour
rPois   .            c - +0 hat
rElec   .            (no cloak)
rCorr   .            (no gloves)
SInv    .            (no boots)
Will    .....        (no amulet) Stlth
                     r - +3 ring of dexterity
HPRegen 0.32/turn    s - +3 ring of dexterity
MPRegen 0.13/turn

%: no teleportation
@: lethally poisoned (-3 -> -78), heroic
A: horns 2, retaliatory headbutt
a: Renounce Religion, Heroism


You were in the Dungeon.
You worshipped Okawaru.
Okawaru was most pleased with you.
You visited 1 branch

Inventory:

Hand Weapons
 v - the +2 scimitar of Elac {antimagic, rC+ Will+ rCorr}
   (You found it in the Dungeon)

   rC:        It protects you from cold.
   rCorr:     It protects you from acid and corrosion.
   Will:      It increases your willpower.
 w - the +2 halberd of the Eggplant {flame, rF+ rC- rN+++ Dex-3}
   (You found it in the Dungeon)

   Dex:       It affects your dexterity (-3).
   rF:        It protects you from fire.
   rC:        It makes you vulnerable to cold.
   rN:        It renders you almost immune to negative energy.
 x - a +2 heavy war axe (weapon)
Missiles
 d - a throwing net (quivered)
 e - a javelin
Armour
 c - a +0 hat (worn)
 u - a +3 plate armour (worn)
Jewellery
 r - a +3 ring of dexterity (left hand)
 s - a +3 ring of dexterity (right hand)
Scrolls
 k - a scroll of blinking
 m - 5 scrolls of amnesia
 n - a scroll of summoning
Potions
 f - 9 potions of curing
 g - 8 potions of heal wounds
 h - a potion of haste
 i - 4 potions of magic
 j - 8 potions of berserk rage
 l - 2 potions of invisibility
 q - a potion of degeneration {unknown}
 t - a potion of mutation


   Skills:
 + Level 8.0(13.0) Fighting
 + Level 13.7(18.7) Axes
 + Level 4.9(9.9) Throwing
 + Level 4.4(9.4) Armour
 + Level 9.8(14.8) Dodging
 - Level 2.4(7.4) Stealth
 * Level 8.1 Invocations


You had 7 spell levels left.
You didn't know any spells.
Your spell library was empty.

Dungeon Overview and Level Annotations

Branches:
Dungeon (1/1)

Altars:
Ashenzari
Cheibriados
Dithmenos
Elyvilon
Fedhas
Gozag
Hepliaklqana
Kikubaaqudgha
Makhleb
Nemelex Xobeh
Okawaru
Qazlal
Ru
Sif Muna
Trog
Uskayaw
Vehumet
Wu Jian
Xom
Yredelemnul
Zin
The Shining One
Jiyva
Lugonu


Innate Abilities, Weirdness & Mutations

You have a pair of horns on your head.
You reflexively headbutt those who attack you in melee.


Message History

Unknown command.
Welcome back, rocky1 the Minotaur Gladiator.
Okawaru says: Bring me glory in combat!
Press ? for a list of commands and other information.
Okay, then.
You drop a +2 plate armour.
You feel agile.
r - a +3 ring of dexterity (left hand)
You feel agile.
s - a +3 ring of dexterity (right hand)
There is an open door here.
There is an open door, spattered with blood here.
You open the door.
There is an open door, spattered with blood here.
There is an open door, spattered with blood here.
There is an open door here.
Items here: )) [[.
You see here a +0 giant spiked club.
There is an open door here.
There is an open door to the Storerooms (Easy) here.
Okay, then.
You open the huge gate.
A sea snake and a cane toad come into view.
The sea snake hisses angrily.
The cane toad croaks.
You gain the combat prowess of a mighty hero.
You barely miss the sea snake. The sea snake bites you!
You closely miss the sea snake. You slash the cane toad!
The cane toad stings you!
You are poisoned.
The cane toad poisons you! The sea snake bites you!
You are lethally poisoned!
The sea snake poisons you!
You closely miss the sea snake. You barely miss the cane toad.
* * * LOW HITPOINT WARNING * * *
You feel extremely sick. The cane toad stings you!
* * * LOW HITPOINT WARNING * * *
You are more poisoned.
The cane toad poisons you! The sea snake bites you.
You die...

____.# ____.#
__...###########++######
####'##................#
)))'.##......#..#......#
####.##................+
......'................+
#'#####......#..#......#
..#..##.........@......#
..'..#####'#####SF######
###+###.......##''#
.....##.......##...
.....##.......##....
#'#####...<...##.....
).)[.##.......##...###
)))..##.......##..##
#######.......#


You could see a sea snake and a cane toad.

Vanquished Creatures
  An unseen horror (D)
  A hellwing (D)
  A polar bear (D)
  Sigmund (D)
  Edmund (D)
  An ogre (D)
  A wolf (D)
  A scorpion (D)
  A necrophage (D)
  2 iguanas (D)
  Terence (D)
  An adder (D)
  An adder zombie (D)
  A bat (D)
  3 endoplasms (D)
  A goblin (D)
  A hobgoblin (D)
  3 jackals (D)
  A ball python (D)
  2 frilled lizards (D)
  A quokka skeleton (D)
27 creatures vanquished.

Notes
Turn   | Place    | Note
-------+----------+-------------------------------------------
     0 | D        | rocky1 the Minotaur Gladiator began the quest for the Orb.
     0 | D        | Reached XP level 1. HP: 18/18 MP: 0/0
    15 | D        | Reached skill level 4 in Axes
    39 | D        | Found a bloodstained altar of Trog.
    39 | D        | Found a shimmering blue altar of Sif Muna.
    39 | D        | Found a viscous altar of Jiyva.
    39 | D        | Found a hazy altar of Hepliaklqana.
    39 | D        | Found an opulent altar of Gozag.
    40 | D        | Found a glowing golden altar of the Shining One.
    40 | D        | Found a glowing silver altar of Zin.
    40 | D        | Found a basalt altar of Yredelemnul.
    40 | D        | Found a shimmering altar of Xom.
    40 | D        | Found an ornate altar of the Wu Jian Council.
    40 | D        | Found a sacrificial altar of Ru.
    40 | D        | Found a stormy altar of Qazlal.
    40 | D        | Found an iron altar of Okawaru.
    40 | D        | Found a sparkling altar of Nemelex Xobeh.
    40 | D        | Found a burning altar of Makhleb.
    40 | D        | Found a blossoming altar of Fedhas.
    40 | D        | Found a white marble altar of Elyvilon.
    40 | D        | Found a shadowy altar of Dithmenos.
    40 | D        | Found a snail-covered altar of Cheibriados.
    43 | D        | Found a corrupted altar of Lugonu.
    43 | D        | Found a radiant altar of Vehumet.
    44 | D        | Found an ancient bone altar of Kikubaaqudgha.
    44 | D        | Found a hide-covered altar of Uskayaw.
    44 | D        | Found a broken altar of Ashenzari.
    48 | D        | Became a worshipper of Warmaster Okawaru
   182 | D        | Reached skill level 1 in Invocations
   188 | D        | Reached XP level 2. HP: 26/26 MP: 1/1
   249 | D        | Noticed an ogre
   261 | D        | Killed an ogre
   261 | D        | Reached * piety under Okawaru
   261 | D        | Noticed Sigmund
   262 | D        | Reached skill level 7 in Axes
   262 | D        | Reached XP level 3. HP: 33/33 MP: 2/4
   262 | D        | Reached XP level 4. HP: 40/40 MP: 2/5
   265 | D        | Noticed Terence
   268 | D        | Killed Sigmund
   268 | D        | Reached ** piety under Okawaru
   269 | D        | Reached skill level 5 in Fighting
   269 | D        | Reached skill level 9 in Axes
   269 | D        | Reached skill level 1 in Stealth
   269 | D        | Reached skill level 5 in Invocations
   269 | D        | Reached XP level 5. HP: 39/48 MP: 0/8
   269 | D        | Reached XP level 6. HP: 46/56 MP: 0/9
   270 | D        | Killed Terence
   271 | D        | Reached skill level 10 in Axes
   481 | D        | Noticed a polar bear
   491 | D        | Killed a polar bear
   492 | D        | Reached skill level 11 in Axes
   492 | D        | Reached skill level 1 in Armour
   492 | D        | Reached XP level 7. HP: 41/64 MP: 8/10
   494 | D        | Noticed Edmund
   500 | D        | Reached skill level 12 in Axes
   508 | D        | Killed Edmund
   508 | D        | Reached *** piety under Okawaru
   765 | D        | Noticed a hellwing
   778 | D        | Killed a hellwing
   779 | D        | Reached skill level 13 in Axes
   779 | D        | Reached XP level 8. HP: 21/73 MP: 10/12
  1050 | D        | Killed an unseen horror
  1218 | D        | Got the +2 scimitar of Elac {antimagic, rC+ Will+ rCorr}
  1221 | D        | Got the +2 halberd of the Eggplant {flame, rF+ rC- rN+++
                  | Dex-3}
  1300 | D        | Noticed a sea snake
  1300 | D        | Noticed a cane toad
  1305 | D        | HP: 1/74 [cane toad (14)]
  1305 | D        | Slain by a sea snake

Illustrated notes

Levels and vault maps discovered:
D:        pitsprint [storerooms_1, entrance_room_1, metal_vault_4, armoury_1,
          mini_pit_1, grid_room_1, main_hall_1, silver_pit, the_coven_1,
          the_vestibule_1, steel_vault_5, golden_pit, hallway_of_sentries,
          crystal_vault_3, iron_vault_1, final_vault]

Skill      XL: |  1  2  3  4  5  6  7  8 |
---------------+-------------------------+-----
Axes           | 4 7 9 11 13 | 13.7
Dodging        | 4 6 7 8 9 |  9.8
Invocations    | 1 3 5 6 7 8 |  8.1
Fighting       | 3 4 5 6 7 8 |  8.0
Throwing       | 3 4 |  4.9
Stealth        | 1 2 |  2.4
Armour         | 1 3 4 |  4.4

Action                     |  1- 3 |  4- 6 |  7- 9 || total
---------------------------+-------+-------+-------++-------
  Melee: War axe           |    14 |       |     3 ||    17
         Headbutt          |     1 |     3 |     5 ||     9
         Hand axe          |     4 |    27 |    31 ||    62
         Punch             |       |     1 |     1 ||     2
  Throw: Throwing net      |     2 |       |       ||     2
 Invoke: Heroism           |       |     2 |     2 ||     4
   Stab: Held in net/web   |     1 |       |       ||     1
 Armour: Plate armour      |       |    18 |    37 ||    55
  Dodge: Dodged            |     9 |    13 |     9 ||    31

Table legend: (Time is in decaauts)
 A = Elapsed time spent in this place.
 B = Non-inter-level travel time spent in this place.
 C = Inter-level travel time spent in this place.
 D = Time resting spent in this place.
 E = Time spent auto-exploring this place.
 F = Levels seen in this place.
 G = Mean time per level.
                   A        B        C        D        E       F      G
               +--------+--------+--------+--------+--------+-----+--------+
         Total |   1307 |   1250 |     57 |    915 |      0 |   1 | 1307.0 |
       Dungeon |   1307 |   1250 |     57 |    915 |      0 |   1 | 1307.0 |
               +--------+--------+--------+--------+--------+-----+--------+

Top non-repeatable levels by time:
       D: 1307 daAuts
